Map: Acropolis LE

Players

Gerald - Winner!

  • Race: Protoss Protoss
  • Spawn Location: 5:00

Zanster

  • Race: Zerg Zerg
  • Spawn Location: 11:00

VOD

Have the link to the VOD?

Description

Time

  • Played on: Sept. 6, 2019, 4:30 p.m.
  • Length: 12:54
Show
View Real Time Build Order
Export as new Build Order

Gerald Protoss - Winner!

Build Orders: 1 Gate Expand, Archon Immortal, Archon Drop, Dark Templar Rush 

Get SALT Encoding   

  12  0:00  Probe  
  13  0:12  Probe  
  14  0:20  Pylon  
  14  0:24  Probe  
  15  0:28  Assimilator  
  15  0:36  Probe  
  16  0:44  Gateway, Probe  
  17  0:53  Probe  
  18  1:04  Probe  
  19  1:16  Probe  
  20  1:23  Nexus  
  20  1:32  Cybernetics Core  
  20  1:34  Probe  
  21  1:40  Assimilator  
  21  1:46  Probe  
  22  1:49  Pylon  
  22  1:58  Probe  
  22  1:59  Adept  
  23  2:09  Twilight Council  
  23  2:12  Probe  
  23  2:14  Warp Gate  
  26  2:19  Stalker  
  26  2:26  Probe  
  29  2:35  Probe  
  30  2:38  Probe  
  31  2:47  Probe  
  31  2:49  Robotics Facility  
  31  2:50  Probe  
  33  2:59  Probe  
  33  3:03  Probe  
  35  3:09  Dark Shrine  
  35  3:11  Probe  
  36  3:13  Gateway  
  36  3:18  Probe  
  37  3:24  Probe  
  37  3:25  Gateway  
  38  3:30  Gateway, Probe  
  38  3:31  Warp Prism  
  39  3:36  Probe  
  40  3:43  Probe  
  43  3:54  Pylon  
  43  3:55  Probe  
  44  3:56  Probe, Assimilator  
  44  3:58  Assimilator  
  45  4:07  Probe  
  46  4:12  Warp Prism, Probe  
  49  4:18  Pylon  
  49  4:19  Pylon  
  49  4:21  Probe  
  50  4:32  Probe  
  50  4:37  Dark Templar x4  
  59  4:43  Probe  
  59  4:44  Probe  
  59  4:45  Pylon  
  59  4:56  Probe  
  60  5:16  Probe  
  60  5:19  Dark Templar  
  60  5:20  Gateway x2, Dark Templar x3  
  69  5:27  Immortal  
  73  5:36  Gateway x2  
  73  5:40  Probe  
  73  5:42  Pylon  
  74  5:43  Archon  
  74  5:44  Archon  
  74  5:45  Archon x2  
  74  5:47  Probe  
  75  5:50  Forge  
  75  5:57  Pylon  
  75  6:02  Zealot  
  75  6:03  Immortal  
  77  6:07  Protoss Ground Weapons Level 1, Stalker  
  83  6:15  Nexus  
  83  6:30  Probe x2  
  85  6:33  Pylon  
  85  6:34  Immortal  
  85  6:35  Pylon  
  85  6:42  Probe  
  85  6:46  Pylon  
  87  6:55  Dark Templar x3  
  87  6:56  Zealot x2  
  87  7:00  Zealot x2  
  95  7:05  Archon, Dark Templar  
  95  7:07  Probe  
  98  7:09  Observer  
  98  7:10  Shield Battery  
  98  7:13  Archon  
  98  7:20  Sentry x2  
  103  7:27  Charge  
  103  7:30  Immortal  
  103  7:31  Zealot x3  
  103  7:35  Zealot  
  115  7:50  Probe x2  
  111  7:53  Photon Cannon  
  111  7:56  Protoss Ground Weapons Level 2  
  111  7:57  Probe  
  112  8:02  Probe, Assimilator  
  112  8:03  Probe  
  112  8:04  Immortal, Assimilator  
  114  8:09  Probe  
  119  8:13  Templar Archives  
  119  8:14  Probe  
  119  8:15  Probe  
  121  8:20  Pylon  
  121  8:21  Probe  
  121  8:27  Probe  
  123  8:36  Psionic Storm  
  124  8:41  Probe  
  124  8:44  Dark Templar  
  124  8:45  Zealot x6, Dark Templar  
  140  8:48  Archon  
  140  8:51  Pylon  
  130  8:57  Pylon  
  130  9:05  Probe  
  130  9:07  Probe  
  132  9:11  High Templar  
  132  9:12  Nexus  
  132  9:15  Pylon  
  132  9:16  High Templar  
  136  9:18  Immortal  
  136  9:21  Zealot x2, High Templar  
  136  9:22  Zealot  
  148  9:34  Stalker  
  148  9:35  Stalker  
  152  9:41  Probe  
  152  9:44  Probe  
  150  9:55  Zealot x6  
  162  10:02  Pylon  
  162  10:12  Probe  
  163  10:15  Pylon  
  163  10:16  Pylon  
  163  10:18  Pylon  
  163  10:19  Pylon  
  163  10:20  Photon Cannon  
  163  10:21  Shield Battery, Photon Cannon  
  163  10:22  Shield Battery, High Templar  
  163  10:25  High Templar x2, Assimilator  
  169  10:29  High Templar x2  
  169  10:30  Archon, High Templar  
  169  10:33  Archon  
  169  10:35  Archon  
  175  10:40  Blink  
  175  10:41  Probe x2  
  177  10:56  Probe x4  
  181  11:02  Assimilator  
  163  11:12  Archon  
  163  11:15  Zealot x8  
  139  11:18  Probe  
  122  11:33  Immortal  
  122  11:37  Stalker x8  
  134  11:42  Probe  
  134  11:44  Probe  
  106  11:54  Probe  
  106  12:01  Probe  
  102  12:02  High Templar x2  
  102  12:03  Immortal, Zealot x5, High Templar  
  121  12:23  Dark Shrine  
  121  12:24  Nexus  
  121  12:31  High Templar x3  
  121  12:32  Zealot, High Templar  
  121  12:35  Archon  
  121  12:36  Stalker x2  
  121  12:37  Archon  
  135  12:41  Zealot  
Show
View Real Time Build Order
Export as new Build Order

Zanster Zerg 

Build Orders: Hatch First, Roach Hydra 

Get SALT Encoding   

  12  0:00  Drone  
  13  0:12  Overlord  
  13  0:17  Drone  
  14  0:30  Drone x2  
  16  0:47  Hatchery  
  15  0:51  Drone  
  15  0:54  Drone  
  17  0:57  Drone  
  18  1:09  Extractor  
  17  1:14  Spawning Pool  
  17  1:16  Drone  
  17  1:19  Drone  
  18  1:28  Drone  
  19  1:38  Drone  
  20  1:50  Drone  
  21  2:00  Overlord  
  21  2:01  Queen x2  
  21  2:04  Zergling x2  
  26  2:12  Zergling x2  
  26  2:13  Drone  
  28  2:21  Drone  
  28  2:22  Drone  
  30  2:31  Drone  
  30  2:32  Drone  
  32  2:37  Hatchery  
  32  2:42  Queen  
  33  2:47  Overlord  
  33  2:50  Drone  
  34  2:54  Drone  
  34  2:55  Drone  
  36  3:06  Drone  
  36  3:07  Drone  
  36  3:09  Drone x3  
  41  3:14  Drone  
  41  3:18  Overlord  
  42  3:21  Lair  
  42  3:26  Drone  
  43  3:28  Roach Warren, Drone  
  43  3:34  Extractor, Queen  
  43  3:35  Extractor  
  43  3:43  Drone x5  
  48  3:50  Overlord  
  47  3:56  Drone  
  47  3:59  Overlord  
  48  4:04  Drone  
  48  4:05  Drone x2  
  51  4:10  Overlord  
  51  4:15  Roach x6  
  63  4:18  Roach  
  63  4:23  Overseer  
  65  4:28  Glial Reconstitution  
  63  4:34  Drone x2  
  63  4:36  Spore Crawler  
  63  4:44  Roach x6  
  75  4:49  Overlord  
  75  4:52  Roach  
  74  4:53  Roach  
  76  5:01  Roach  
  76  5:02  Roach  
  76  5:03  Overlord  
  80  5:07  Overseer  
  80  5:08  Overlord  
  80  5:25  Drone x8  
  88  5:30  Drone x6  
  88  5:32  Drone  
  88  5:34  Overseer  
  95  5:38  Overlord  
  95  5:40  Roach  
  97  5:44  Overlord  
  97  5:46  Roach  
  99  5:51  Overlord  
  99  5:56  Roach x3  
  105  6:01  Roach x4  
  113  6:05  Overseer  
  113  6:10  Overlord  
  113  6:12  Roach x4  
  113  6:15  Overlord  
  121  6:19  Overlord  
  121  6:20  Overlord  
  119  6:29  Roach x3  
  119  6:30  Roach x2  
  121  6:33  Extractor  
  121  6:35  Extractor  
  121  6:36  Evolution Chamber  
  118  6:43  Drone x9  
  118  6:46  Overseer  
  127  6:49  Overlord  
  123  7:05  Zerg Missile Weapons Level 1  
  123  7:06  Drone x4  
  123  7:07  Drone x2  
  123  7:08  Drone  
  130  7:09  Extractor  
  129  7:20  Hatchery  
  128  7:24  Drone  
  128  7:25  Overlord, Hydralisk Den  
  128  7:28  Roach x7  
  142  7:30  Roach  
  142  7:36  Overlord x4  
  144  7:37  Overlord  
  128  7:55  Grooved Spines  
  128  7:58  Hydralisk x8  
  128  8:02  Hydralisk x3  
  150  8:06  Hydralisk  
  150  8:07  Hydralisk  
  154  8:14  Hydralisk x3  
  160  8:20  Hydralisk x2  
  164  8:30  Hydralisk x2  
  164  8:31  Hydralisk x3  
  174  8:44  Hydralisk x5  
  174  8:46  Overlord  
  184  8:56  Hydralisk x4  
  192  9:06  Hydralisk x3  
  198  9:11  Muscular Augments  
  198  9:14  Overlord  
  198  9:27  Overlord  
  196  9:41  Extractor  
  196  9:43  Zerg Missile Weapons Level 2  
  196  9:45  Infestation Pit  
  184  9:55  Metabolic Boost, Hatchery  
  183  10:08  Zergling x32  
  199  10:17  Baneling Nest, Drone  
  199  10:22  Hive  
  199  10:24  Spire  
  198  10:33  Spore Crawler, Queen  
  199  10:39  Pneumatized Carapace  
  199  10:46  Spine Crawler  
  199  10:47  Spine Crawler  
  199  10:48  Overseer, Spine Crawler  
  196  10:50  Spine Crawler  
  196  10:53  Hydralisk x2  
  199  11:03  Baneling x2, Centrifical Hooks  
  199  11:05  Overlord x2  
  178  11:12  Hydralisk x16  
  162  11:19  Roach x3  
  162  11:23  Roach x2  
  142  11:29  Zergling x2, Roach  
  122  11:35  Roach  
  104  11:41  Roach x2  
  104  11:42  Roach  
  98  11:48  Roach  
  93  11:59  Ravager x3  
  93  12:01  Overseer  
  90  12:10  Hydralisk x3  
  90  12:11  Hydralisk  
  98  12:17  Hydralisk x2  
  104  12:22  Roach  
  104  12:23  Roach  
  106  12:31  Roach x4  
  106  12:34  Zergling x2  
  106  12:35  Zergling x4  
  106  12:36  Zergling x2  
Tags
 
Add a new tag
Caveats
  • Supply blocks, unpowered buildings, or Contaminate may cause inaccurate times.
  • Supply counts are checked every 10 seconds.